 Dungeon Crawl Stone Soup version 0.28.0-53-g5a82cb258f (webtiles) character file.

Game seed: 18030595566018957562

16735 NoAnimeNoLife the Convoker (level 12, -12/72 HPs)
             Began as a Tengu Summoner on June 2, 2022.
             Was a Priest of Ashenzari.
             Killed from afar by an ice dragon (61 damage)
             ... with a blast of cold
             ... in an ice cave.
             The game lasted 01:00:11 (21561 turns).

NoAnimeNoLife the Convoker (Tengu Summoner)        Turns: 21561, Time: 01:00:15

Health: -12/72     AC: 27    Str:  9    XL:     12   Next: 40%
Magic:  20/25      EV:  6    Int: 30    God:    Ashenzari [***...]
Gold:   1121       SH:  0    Dex: 15    Spells: 12/27 levels left

rFire   . . .      SeeInvis +   l - +7 flail (vorpal)
rCold   . . .      Faith    .   (no shield)
rNeg    . . .      Spirit   .   F - +7 plate armour "Stellar Paranoia" {-Tele Will++ Int+4, Comp, Elem} (curse)
rPois   .          Reflect  .   E - +3 crown of Dyrovepreva {rElec Int+2 SInv, Evo, Melee} (curse)
rElec   +          Harm     .   x - +2 cloak
rCorr   .          Rampage  .   i - +2 pair of gloves "Optimism of Ashenzari" {Comp, Cun} (curse)
Will    ++...      Clarity  +   (boots unavailable)
Stlth   .......... NoTele   +   f - amulet of the acrobat
HPRegen 0.22/turn               u - +6 ring of intelligence
MPRegen 0.19/turn               t - ring of Ashenzari's Regret {EV+4, Range, Comp} (curse)

@: frozen, flying quickly and evasively, studying Long Blades, slow
A: beak, talons 3, nimble flight, dopey 1, electricity resistance, MP-powered
wands
a: Renounce Religion, Shatter the Chains


You were in an ice cave.
You worshipped Ashenzari.
Ashenzari was most pleased with you.
You visited 3 branches of the dungeon, and saw 14 of its levels.
You also visited: Bailey and Ice Cave.

You collected 1121 gold pieces.

Inventory:

Hand Weapons
 b - a +2 dagger of electrocution
 l - a +7 vorpal flail (weapon)
Missiles
 A - 5 throwing nets
Armour
 i - the cursed +2 pair of gloves "Optimism of Ashenzari" (worn) {Comp, Cun}
   (You found it on level 4 of the Dungeon)

   It has a curse which improves the following skills: Companions: Summonings
   and Necromancy.
   Cunning:   Dodging and Stealth.
 x - a +2 cloak (worn)
 E - the cursed +3 crown of Dyrovepreva (worn) {rElec Int+2 SInv, Evo, Melee}
   (You found it in a bailey)

   Int:       It affects your intelligence (+2).
   rElec:     It insulates you from electricity.
   SInv:      It lets you see invisible.
   It has a curse which improves the following skills: Evocations: Evocations.
   Melee Combat: Short Blades, Long Blades, Axes, Maces & Flails, Polearms,
   Staves and Unarmed Combat.
 F - the cursed +7 plate armour "Stellar Paranoia" (worn) {-Tele Will++ Int+4, Comp, Elem}
   (You acquired it in a bailey)

   Int:       It affects your intelligence (+4).
   -Tele:     It prevents most forms of teleportation.
   Will:      It greatly increases your willpower.
   It has a curse which improves the following skills: Companions: Summonings
   and Necromancy.
   Elements:  Fire Magic, Ice Magic, Air Magic and Earth Magic.
Magical Staves
 D - a staff of cold
 H - a staff of death
Jewellery
 e - a ring of positive energy
 f - an amulet of the acrobat (around neck)
 r - a ring of willpower
 t - the cursed ring of Ashenzari's Regret (right hand) {EV+4, Range, Comp}
   (You found it on level 5 of the Dungeon)

   [ring of evasion]

   EV:        It affects your evasion (+4).
   It has a curse which improves the following skills: Ranged Combat: Slings,
   Bows, Crossbows and Throwing.
   Companions: Summonings and Necromancy.
 u - a +6 ring of intelligence (left hand)
 v - a +4 ring of evasion
 w - a ring of poison resistance
Wands
 m - a wand of polymorph (6)
 n - a wand of flame (1)
Scrolls
 a - a scroll of silence
 h - 2 scrolls of immolation
 q - 2 scrolls of identify
 C - a scroll of enchant armour
 G - a scroll of teleportation
 I - a scroll of holy word
Potions
 c - a potion of resistance
 d - a potion of might
 g - a potion of degeneration
 j - 4 potions of attraction
 k - 3 potions of haste
 o - a potion of flight


   Skills:
 + Level 7.3 Fighting
 * Level 11.3(12.9) Maces & Flails
 + Level 2.4 Armour
 - Level 2.1(3.4) Dodging
 - Level 2.0(3.2) Stealth
 - Level 8.3 Spellcasting
 - Level 15.2(18.3) Summonings
 - Level 2.7(4.1) Air Magic


You had 12 spell levels left.
You knew the following spells:

 Your Spells              Type           Power      Damage    Failure   Level
a - Summon Small Mammal   Summ           100%       N/A       1%          1
b - Call Imp              Summ           89%        N/A       2%          2
c - Call Canine Familiar  Summ           89%        N/A       4%          3
d - Summon Guardian Gole  Hex/Summ       61%        N/A       91%         3
e - Summon Lightning Spi  Summ/Air       68%        N/A       97%         4
f - Static Discharge      Conj/Air       24%        N/A       100%        2

Your spell library contained the following spells:

 Spells                   Type           Power      Damage    Failure   Level
 Dispel Undead            Necr           15%        3d10      100%        4
 Sticky Flame             Conj/Fire      13%        2d4       100%        4


Dungeon Overview and Level Annotations

Branches:
Dungeon (11/15)            Temple (1/1) D:7            Lair (0/6) D:11
    Orc (2/2) D:10         Bailey (visited)           IceCv (1/1)
    Elf: Orc:2

Altars:
Ashenzari
Cheibriados
Dithmenos
Elyvilon
Fedhas
Gozag
Hepliaklqana
Kikubaaqudgha
Makhleb
Nemelex Xobeh
Okawaru
Qazlal
Ru
Sif Muna
Trog
Uskayaw
Vehumet
Wu Jian
Xom
Yredelemnul
Zin
The Shining One
Beogh


Innate Abilities, Weirdness & Mutations

You have a beak for a mouth.
You have claws for feet.
Your magical nature lets you fly swiftly and evasively.
You are dopey. (Int -2)
You are resistant to electric shocks. (rElec)
You expend magic power (3 MP) to strengthen your wands.


Message History

You start waiting.
Done waiting.
You now have 1076 gold pieces (gained 11).
You now have 1089 gold pieces (gained 13).
You now have 1103 gold pieces (gained 14).
You see here a staff of cold.
You see here 25 arrows.
You see here a +1 quarterstaff of draining.
You see here a +1 quarterstaff of draining.
You see here a +1 bardiche of freezing.
You now have 1121 gold pieces (gained 18).
You see here 25 arrows.
You see here a staff of cold.
You start waiting.
Done waiting.
Found 15 gold pieces.
Found 32 gold pieces.
Found 24 gold pieces. 2 steam dragon simulacra, an ice dragon, 2 rime drakes and a lindwurm simulacrum come into view.
Found four items.
The rime drake hisses angrily.
The ice dragon roars deafeningly!
The rime drake hisses angrily.
The rime drake breathes ice at you. The flash freeze hits you!
You are encased in ice.
The ice encasing you melts away. The rime drake breathes ice at you.
The flash freeze misses you.
Casting: Call Canine Familiar (dangerous; 4% risk of failure)
Confirm with . or Enter, or press ? or * to list all spells.
The rime drake breathes ice at you. The flash freeze hits you!
You are encased in ice.
Casting: Call Canine Familiar (dangerous; 4% risk of failure)
Confirm with . or Enter, or press ? or * to list all spells.
A beastly little devil appears in a puff of frigid air.
The ice dragon breathes frost at you. The blast of cold hits you!!!
Ouch! That really hurt!
You die...

##.....## , #.)(|...# *
##).###.# * , *
#.###..# ### $..... ###
#.## ##.## $Z...#
#..####...# ### $....#
#.#.##..#h###≈##∆.....#
##..#..##..#≈≈≈#*$kZ.#
##...##..@Dk≈≈##==..#
##########5≈≈Z#=$$#
#≈≈≈#ZZ$$# ##≈k..#$##
###### #


You could see an ice dragon (catching breath, ally target), 2 rime drakes, a
lindwurm simulacrum, 2 steam dragon simulacra, a friendly warg (summoned) and a
friendly white imp (summoned).

Vanquished Creatures
  Harold (D:9)
  A two-headed ogre (D:11)
  Erica (D:10)
  A death yak (D:11)
  A deep elf pyromancer (D:11)
  An ice statue (IceCv)
  2 rime drakes (IceCv)
  A troll (Orc:1)
  9 yaks
  Grum (D:11)
  A steam dragon (D:9)
  8 vampire mosquitoes
  A water moccasin (D:6)
  3 orc warriors
  An ogre (Orc:1)
  3 wolves (D:11)
  A centaur (D:9)
  A kobold brigand (D:10)
  2 bullfrogs
  2 lindwurm simulacra (IceCv)
  An electric eel (D:10)
  A nameless horror (D:10)
  A gnoll shaman (D:5)
  A bullfrog skeleton (D:7)
  2 orc priests
  An iguana (D:6)
  A hell rat (D:11)
  2 orc wizards
  A killer bee zombie (D:7)
  A howler monkey zombie (D:8)
  4 gnolls
  2 acid dragon simulacra (IceCv)
  2 adders (D:6)
  A river rat (D:11)
  6 steam dragon simulacra (IceCv)
  A worm (D:2)
  20 orcs
  5 ball pythons
  A giant cockroach (D:1)
  2 goblins
  6 hobgoblins
  6 quokkas
  2 bats (D:1)
  6 frilled lizards
  4 kobolds
  3 rats (D:1)
125 creatures vanquished.

Vanquished Creatures (collateral kills)
  An orc warlord (Bailey)
  3 two-headed ogres
  2 death yaks
  An orc knight (Orc:1)
  An ice statue (IceCv)
  A dream sheep (D:11)
  A yak (D:10)
  3 steam dragons
  A vampire mosquito (D:11)
  A warg (Orc:1)
  2 water moccasins
  8 orc warriors
  2 ice beasts
  A hornet zombie (D:5)
  2 ogres (D:5)
  A wolf (D:11)
  A centaur (D:8)
  A phantom (D:5)
  2 bullfrogs
  A scorpion (D:7)
  A wyvern skeleton (D:7)
  2 electric eels (D:10)
  2 howler monkeys
  A nameless horror (D:11)
  A centaur zombie (D:7)
  2 komodo dragon simulacra (IceCv)
  A hound (D:5)
  10 orc priests
  2 jellies (D:5)
  A centaur skeleton (D:6)
  An iguana (D:7)
  6 orc wizards
  6 adders
  14 gnolls
  A howler monkey skeleton (D:5)
  2 river rats (D:11)
  A shadow imp (D:7)
  A worm (D:2)
  3 dart slugs
  35 orcs
  3 ball pythons
  An endoplasm (D:4)
  3 giant cockroaches
  A hobgoblin (Bailey)
  2 jackals (D:1)
  A quokka (D:1)
  A bat (D:1)
  2 frilled lizards (D:1)
  5 goblins
  14 kobolds
  3 rats
165 creatures vanquished.

Vanquished Creatures (others)
  A yak (D:9)
  A wyvern (D:5)
  Menkaure (D:6)
  An orc warrior (D:6)
  An orc wizard (D:7)
  An orc (D:7)
  A rat (D:1)
  9 plants
  3 withered plants (D:3)
19 creatures vanquished.

Grand Total: 309 creatures vanquished

Notes
Turn   | Place    | Note
-------+----------+-------------------------------------------
     0 | D:1      | NoAnimeNoLife the Tengu Summoner began the quest for the
                  | Orb.
     0 | D:1      | Reached XP level 1. HP: 10/10 MP: 4/4
    31 | D:1      | Reached skill level 5 in Summonings
   362 | D:1      | Reached XP level 2. HP: 13/15 MP: 3/6
   366 | D:1      | Learned a level 2 spell: Call Imp
   688 | D:1      | Reached XP level 3. HP: 19/19 MP: 5/7
  1374 | D:2      | Reached skill level 6 in Summonings
  1374 | D:2      | Reached XP level 4. HP: 24/24 MP: 4/9
  1597 | D:2      | Learned a level 3 spell: Call Canine Familiar
  2332 | D:2      | Gained mutation: Your magical nature lets you fly swiftly
                  | and evasively. [Tengu growth]
  2332 | D:2      | Reached XP level 5. HP: 28/28 MP: 2/10
  3098 | D:3      | Reached skill level 7 in Summonings
  3634 | D:3      | Found a faded altar of an unknown god.
  4316 | D:4      | Reached XP level 6. HP: 31/32 MP: 6/12
  5210 | D:4      | Reached skill level 8 in Summonings
  5613 | D:5      | Entered Level 5 of the Dungeon
  6112 | D:5      | Reached XP level 7. HP: 25/36 MP: 6/14
  6353 | D:5      | Reached skill level 9 in Summonings
  6374 | D:5      | Learned a level 3 spell: Summon Guardian Golem
  6502 | D:5      | Noticed a wyvern
  6514 | D:5      | Killed a wyvern
  6696 | D:5      | Reached skill level 5 in Spellcasting
  6696 | D:5      | Reached XP level 8. HP: 41/41 MP: 11/16
  6756 | D:5      | Reached skill level 10 in Summonings
  7355 | D:6      | Noticed Menkaure
  7364 | D:6      | Killed Menkaure
  7518 | D:6      | Reached skill level 11 in Summonings
  8162 | D:6      | Reached skill level 12 in Summonings
  8162 | D:6      | Reached XP level 9. HP: 25/45 MP: 15/19
  9079 | D:6      | Learned a level 4 spell: Summon Lightning Spire
  9318 | D:7      | Found a staircase to the Ecumenical Temple.
  9400 | Temple   | Entered the Ecumenical Temple
  9800 | Temple   | Became a worshipper of Ashenzari the Shackled
 10166 | D:7      | Reached skill level 13 in Summonings
 10837 | D:8      | Noticed a two-headed ogre
 10859 | D:8      | Killed a two-headed ogre
 10860 | D:8      | Reached skill level 14 in Summonings
 10860 | D:8      | Reached XP level 10. HP: 50/50 MP: 4/22
 11017 | D:8      | Found a flagged portal.
 11201 | Bailey   | Entered a bailey
 11238 | Bailey   | Noticed an orc warlord
 11238 | Bailey   | Found the +3 crown of Dyrovepreva {rElec Int+2 SInv}
 11479 | Bailey   | Found a runed translucent gate.
 11482 | Bailey   | Found a runed translucent gate.
 11485 | Bailey   | Found a runed translucent gate.
 11645 | Bailey   | Killed an orc warlord
 11646 | Bailey   | Reached skill level 15 in Summonings
 11658 | Bailey   | Learned a level 2 spell: Static Discharge
 11700 | Bailey   | Acquired the +7 plate armour "Wamuh" {-Tele Will++ Int+4}
 12161 | D:8      | Found a hide-covered altar of Uskayaw.
 12526 | D:9      | Noticed Harold
 12548 | D:9      | Killed Harold
 12549 | D:9      | Reached skill level 1 in Fighting
 13468 | D:10     | Entered Level 10 of the Dungeon
 13557 | D:9      | Reached XP level 11. HP: 10/59 MP: 22/24
 14293 | D:10     | Reached skill level 5 in Maces & Flails
 14889 | D:10     | Reached * piety under Ashenzari
 14890 | D:10     | Gained mutation: Armour fits poorly on your strangely
                  | shaped body. [potion of mutation]
 14890 | D:10     | Gained mutation: You sometimes lose the ability to read
                  | scrolls when taking damage. [potion of mutation]
 14890 | D:10     | Gained mutation: You are strong-willed. (Will+) [potion of
                  | mutation]
 14891 | D:10     | Lost mutation: Armour fits poorly on your strangely shaped
                  | body. [potion of mutation]
 14891 | D:10     | Lost mutation: You sometimes lose the ability to read
                  | scrolls when taking damage. [potion of mutation]
 14891 | D:10     | Lost mutation: You are strong-willed. (Will+) [potion of
                  | mutation]
 14891 | D:10     | Gained mutation: You expend magic power (3 MP) to
                  | strengthen your wands. [potion of mutation]
 14891 | D:10     | Gained mutation: You are dopey. (Int -2) [potion of
                  | mutation]
 14891 | D:10     | Gained mutation: You are resistant to electric shocks.
                  | (rElec) [potion of mutation]
 15312 | D:10     | Noticed Erica
 15362 | D:11     | Noticed a two-headed ogre
 16353 | D:10     | Found a staircase to the Orcish Mines.
 16611 | D:10     | Killed Erica
 16864 | D:11     | Noticed a death yak
 16865 | D:11     | Noticed a death yak
 16872 | D:11     | Noticed a death yak
 17311 | D:10     | Killed a death yak
 17312 | D:10     | Reached skill level 5 in Fighting
 17536 | D:11     | Killed a two-headed ogre
 17603 | D:11     | Reached ** piety under Ashenzari
 17739 | D:11     | Found a staircase to the Lair.
 17865 | D:11     | Killed a death yak
 17876 | D:11     | Killed a death yak
 18213 | D:11     | Noticed Grum
 18240 | D:11     | Killed Grum
 18298 | D:11     | HP: 2/64 [vampire mosquito (6)]
 19147 | D:11     | Noticed a two-headed ogre
 19155 | D:11     | Noticed a two-headed ogre
 19173 | D:11     | Killed a two-headed ogre
 19174 | D:11     | Reached skill level 10 in Maces & Flails
 19174 | D:11     | Reached XP level 12. HP: 71/71 MP: 10/25
 19214 | D:11     | Killed a two-headed ogre
 19632 | D:11     | Noticed a two-headed ogre
 19657 | D:11     | Noticed a two-headed ogre
 19663 | D:11     | Noticed an ogre mage
 19751 | Orc:1    | Entered Level 1 of the Orcish Mines
 19851 | Orc:1    | Reached *** piety under Ashenzari
 19876 | Orc:1    | Reached skill level 1 in Armour
 20396 | Orc:2    | Entered Level 2 of the Orcish Mines
 20397 | Orc:2    | Found a frozen archway.
 20402 | IceCv    | Entered an ice cave
 21553 | IceCv    | Noticed an ice dragon
 21553 | IceCv    | Identified the ring of Xeefoxysku {rPois rF+ rC+ Will+
                  | Dex+5}
 21561 | IceCv    | Killed from afar by an ice dragon

Illustrated notes

Levels and vault maps discovered:
D:1:      grunt_arrival_crossed_arrows, layout_loops_ring
D:2:      layout_rooms
D:3:      layout_basic, shapermc_ecumenical_altar_flowoftime, minivault_26
D:4:      layout_layer_cave, kennysheep_small_spiral
D:5:      layout_cave_pods, minmay_manual_monstrance
D:6:      layout_gridville, uniq_menkaure
D:7:      layout_loops_cross, minmay_temple_entry_crystal_x,
          kennysheep_flooded_box
D:8:      layout_cave_pools, nicolae_uskayaw_murder_on_the_dancefloor,
          enter_bailey_2
D:9:      layout_irregular_city, uniq_harold
D:10:     layout_basic, minmay_orc_entry_temple_small, minmay_misc_feat_encased,
          grunt_ministairs_9, uniq_erica
D:11:     layout_cave_pods, dpeg_lair_monsters, chequers_serial_rivers_large_a,
          hangedman_ranch, uniq_grum
Temple:   mainiacjoe_temple_trianglar_array
Orc:1:    layout_diamond_mine
Orc:2:    st_orc_rangers, layout_diamond_mine, basic_altar,
          portal_ice_cave_entry_pillars_1
IceCv:    ice_cave_small_dragons

Skill      XL: |  1  2  3  4  5  6  7  8  9 10 11 12 |
---------------+-------------------------------------+-----
Summonings     | 5 6 7 8 9 12 14 15 | 15.2
Spellcasting   | 3 4 5 6 7 8 |  8.3
Air Magic      | 2 |  2.7
Fighting       | 2 6 7 |  7.3
Maces & Flails | 4 10 11 | 11.3
Armour         | 2 |  2.4
Dodging        | |  2.1
Stealth        | |  2.0

Action                   |  1- 3 |  4- 6 |  7- 9 | 10-12 || total
-------------------------+-------+-------+-------+-------++-------
Melee: Unarmed           |     8 |       |       |       ||     8
       Peck              |     5 |    17 |     6 |    84 ||   112
       Kick              |    11 |    23 |     9 |   143 ||   186
       Dagger            |    26 |     5 |       |       ||    31
       Flail             |       |    60 |    34 |   368 ||   462
       Punch             |       |     1 |       |     7 ||     8
 Cast: Summon Small Mamm |    31 |    13 |     7 |    40 ||    91
       Call Imp          |     8 |    21 |    29 |    42 ||   100
       Call Canine Famil |       |    20 |    32 |    43 ||    95
       Summon Guardian G |       |       |    22 |     2 ||    24
       Summon Lightning  |       |       |     9 |     7 ||    16
Invok: Curse Item        |       |       |       |     5 ||     5
       Shatter the Chain |       |       |       |     1 ||     1
Evoke: Wand              |       |       |       |    10 ||    10
  Use: Scroll            |       |     7 |     9 |     5 ||    21
       Potion            |       |     2 |     3 |    11 ||    16
 Stab: Sleeping          |     2 |     7 |     1 |       ||    10
       Distracted        |       |     1 |     2 |     6 ||     9
Armor: Robe              |     6 |     6 |    13 |     7 ||    32
       Plate armour      |       |       |       |   378 ||   378
Dodge: Dodged            |    33 |    38 |    58 |   175 ||   304
